Map: Echo LE (Void)

Players

Musumeci

  • Race: Zerg Zerg
  • League: Diamond
  • Spawn Location: 11:00

sirPlayALot - Winner!

  • Race: Terran Terran
  • League: Diamond
  • Spawn Location: 5:00

VOD

Have the link to the VOD?

Description

Time

  • Played on: Dec. 28, 2016, 3:34 p.m.
  • Length: 8:25
Show
View Real Time Build Order
Export as new Build Order

Musumeci Zerg 

Build Orders: Hatch First 

Get SALT Encoding   

  12  0:05  Drone  
  13  0:16  Drone  
  13  0:18  Drone, Extractor  
  15  0:46  Hatchery  
  14  0:50  Drone, Extractor  
  15  1:05  Spawning Pool  
  15  1:10  Drone, Extractor  
  14  1:14  Drone, Extractor  
  15  1:54  Overlord  
  15  1:57  Queen x2  
  15  1:58  Drone  
  20  2:13  Drone x4  
  24  2:20  Overlord  
  24  2:28  Metabolic Boost  
  24  2:42  Overlord  
  24  2:49  Zergling x2  
  25  2:52  Zergling x2  
  25  2:54  Queen  
  28  3:01  Drone  
  28  3:02  Drone x3  
  28  3:04  Drone  
  33  3:10  Zergling x2  
  33  3:11  Zergling x2  
  33  3:12  Zergling x2  
  35  3:56  Hatchery  
  35  3:59  Drone  
  35  4:01  Overlord  
  35  4:02  Overlord  
  35  4:04  Overlord  
  35  4:19  Queen  
  37  4:26  Extractor, Roach Warren  
  37  4:28  Drone x2  
  37  4:29  Drone x10, Extractor  
  43  5:06  Roach  
  60  5:07  Roach x8  
  60  5:16  Roach  
  62  5:32  Zergling x2  
  62  5:34  Drone x3  
  66  5:35  Overlord  
  66  5:36  Overlord  
  66  5:51  Lair  
  66  5:54  Drone x9  
  75  6:07  Drone  
  75  6:08  Drone x6  
  81  6:21  Overlord  
  81  6:22  Overlord x2  
  81  6:28  Extractor  
  80  6:42  Evolution Chamber  
  80  6:43  Evolution Chamber  
  80  6:44  Roach x6  
  90  6:47  Ravager  
  90  6:48  Ravager  
  92  7:05  Ravager  
  92  7:06  Ravager x5  
  92  7:07  Roach  
  92  7:08  Roach x2  
  86  7:24  Ravager  
  86  7:25  Ravager  
  86  7:27  Roach x2  
  67  7:46  Roach x8  
  59  7:59  Roach x6  
Show
View Real Time Build Order
Export as new Build Order

sirPlayALot Terran - Winner!

Build Orders: MMM Bio 

Get SALT Encoding   

  12  0:01  SCV  
  13  0:13  SCV  
  14  0:21  Supply Depot  
  14  0:25  SCV  
  15  0:43  SCV  
  15  0:45  Barracks  
  15  0:48  Refinery  
  16  0:50  Refinery  
  16  0:55  SCV  
  17  1:07  SCV  
  18  1:19  SCV  
  19  1:36  Marine  
  20  1:40  Supply Depot  
  20  1:41  Orbital Command  
  20  1:47  Factory  
  20  1:53  Marine  
  21  2:02  Supply Depot  
  21  2:07  SCV  
  22  2:13  Barracks Tech Lab  
  22  2:25  SCV  
  23  2:31  Factory Tech Lab  
  23  2:32  Marine  
  23  2:33  Stimpack  
  24  2:37  SCV  
  25  2:49  SCV  
  25  2:50  Marine, Siege Tank  
  30  3:00  Starport  
  30  3:01  SCV  
  31  3:08  Marine  
  32  3:13  SCV  
  32  3:19  Barracks  
  33  3:25  Barracks  
  33  3:27  Marine  
  33  3:30  SCV  
  35  3:40  Medivac  
  37  3:45  Supply Depot  
  37  3:47  Marine  
  38  3:50  Supply Depot  
  38  4:05  Marine  
  38  4:06  Siege Tank  
  38  4:07  Barracks Reactor  
  42  4:13  Barracks Reactor  
  42  4:23  Marine, Supply Depot  
  43  4:29  Medivac  
  45  4:34  Combat Shields  
  45  4:41  Marine  
  45  4:43  Siege Tank  
  49  4:50  Marine x2  
  51  4:55  Marine x2  
  51  4:59  Marine  
  54  5:04  Medivac  
  56  5:08  Marine x2  
  58  5:14  Supply Depot  
  58  5:16  Marine  
  59  5:22  Marine x2  
  59  5:26  Marine  
  59  5:27  Marine  
  63  5:35  Marine  
  63  5:37  Supply Depot  
  63  5:39  Marine  
  63  5:40  Marine  
  66  5:43  Marine  
  66  5:45  Marine  
  68  5:53  Marine  
  68  5:55  Medivac  
  71  5:58  Marine  
  72  6:05  Supply Depot  
  72  6:08  Marine x3  
  74  6:13  Marine  
  75  6:25  Siege Tank  
  78  6:30  Medivac  
  80  6:36  Supply Depot  
  80  6:44  Marine x2  
  81  7:15  Siege Tank  
  81  7:25  Marine x4  
  81  7:28  Medivac  
  70  7:45  Marine x5  
  75  8:03  Marine x3  
Tags
 
Composition
MMM Bio
Matchup
TvZ
Replay Pack
replay pack
Spawn Locations
Cross Positions
Add a new tag
Caveats
  • Supply blocks, unpowered buildings, or Contaminate may cause inaccurate times.
  • Supply counts are checked every 10 seconds.